[Event "Late-Titled-Tuesday-Blitz-October-24-2023"]
[Site "Chess.com"]
[Date "2023.10.24"]
[Round "1"]
[White "GAO"]
[Black "GoltsevDmitry2000"]
[Result "0-1"]
[WhiteElo "2339"]
[BlackElo "2645"]
[TimeControl "180+1"]
[EndTime "14:01:32 PDT"]
[Termination "GoltsevDmitry2000 won by resignation"]

1. e4 e6 2. d4 d5 3. Nc3 c5 4. exd5 exd5 5. Nf3 Nf6 6. Bb5+ Nc6 7. O-O Be7 8. dxc5 Bxc5 9. Re1+ Be6 10. Bg5 O-O 11.
Ne2 Bxf2+ 12. Kxf2 Ne4+ 13. Kg1 Nxg5 14. Ned4 Nxf3+ 15. Nxf3 Qb6+ 16. Kh1 Qxb5 0-1

[Event "Late-Titled-Tuesday-Blitz-October-24-2023"]
[Site "Chess.com"]
[Date "2023.10.24"]
[Round "1"]
[White "Marcin"]
[Black "OK97"]
[Result "0-1"]
[WhiteElo "2432"]
[BlackElo "2766"]
[TimeControl "180+1"]
[EndTime "14:02:06 PDT"]
[Termination "OK97 won by resignation"]

1. e4 c5 2. Nc3 Nc6 3. f4 e6 4. Nf3 d5 5. Bb5 Ne7 6. O-O a6 7. Bxc6+ Nxc6 8. f5 dxe4 9. Nxe4 exf5 10. Ng3 Be7 11. d3 O-O 12. Bf4 Be6 13. Ne5 Qd4+ 14. Kh1 Nxe5 0-1

[Event "Late-Titled-Tuesday-Blitz-October-24-2023"]
[Site "Chess.com"]
[Date "2023.10.24"]
[Round "1"]
[White "Perecke"]
[Black "miraitrunks"]
[Result "1/2-1/2"]
[WhiteElo "2552"]
[BlackElo "2115"]
[TimeControl "180+1"]
[EndTime "14:02:26 PDT"]
[Termination "Game drawn by repetition"]

1. e4 c5 2. Nf3 d6 3. d4 cxd4 4. Nxd4 Nf6 5. Nc3 g6 6. Be3 Bg7 7. f3 O-O 8. Qd2 Nc6 9. O-O-O d5 10. exd5 Nxd5 11. Nxc6 bxc6 12. Bd4 Nxc3 13. Qxc3 Bh6+ 14. Be3 Bxe3+ 15. Qxe3 Qb6 16. Qxe7 Be6 17. h4 Qe3+ 18. Rd2 Qe1+ 19. Rd1 Qe3+ 20. Rd2 Qe1+ 21. Rd1 Qe3+ 1/2-1/2

[Event "Late-Titled-Tuesday-Blitz-October-24-2023"]
[Site "Chess.com"]
[Date "2023.10.24"]
[Round "1"]
[White "Nathan_Filgueiras"]
[Black "taleslascando"]
[Result "1-0"]
[WhiteElo "2545"]
[BlackElo "2001"]
[TimeControl "180+1"]
[EndTime "14:02:28 PDT"]
[Termination "Nathan_Filgueiras won by resignation"]

1. e4 e5 2. Nf3 Nc6 3. Bc4 Nf6 4. d3 Bc5 5. O-O d6 6. c3 a6 7. Bb3 Ba7 8. Nbd2 Ne7 9. d4 Ng6 10. Re1 O-O 11. h3 Be6 12. Nf1 c6 13. Ng3 h6 14.
Be3 Rc8 15. dxe5 dxe5 16. Bxa7 1-0

[Event "Late-Titled-Tuesday-Blitz-October-24-2023"]
[Site "Chess.com"]
[Date "2023.10.24"]
[Round "1"]
[White "SpeedofLight0"]
[Black "dosto07"]
[Result "1-0"]
[WhiteElo "2989"]
[BlackElo "2515"]
[TimeControl "180+1"]
[EndTime "14:02:35 PDT"]
[Termination "SpeedofLight0 won by resignation"]

1. d4 d5 2. Bf4 Nf6 3. e3 c5 4. c3 Nc6 5. Nf3 e6 6. Nbd2 h6 7. Bd3 Bd6 8. O-O O-O 9. dxc5 Bxc5 10. e4 a6 11. e5 Nd7 12. Nb3 Be7 13. Qd2 f5 14.
exf6 Bxf6 15. Bc2 Nde5 16. Nxe5 Nxe5 17. Rae1 Ng6 18. Bxg6 1-0

[Event "Late-Titled-Tuesday-Blitz-October-24-2023"]
[Site "Chess.com"]
[Date "2023.10.24"]
[Round "1"]
[White "protectiago"]
[Black "Skatchkov_V"]
[Result "1/2-1/2"]
[WhiteElo "2052"]
[BlackElo "2534"]
[TimeControl "180+1"]
[EndTime "14:03:10 PDT"]
[Termination "Game drawn by agreement"]

1. d4 Nf6 2. c4 e6 3. Nf3 d5 4. g3 h6 5. Bg2 Bd6 6. O-O O-O 7. Nbd2 Nc6 8. Qc2 b6 9. Rd1 Bb7 10. a3 Qe7 11. b4 dxc4 12. Nxc4 e5 13. Bb2 Nxd4 1/2-1/2

[Event "Late-Titled-Tuesday-Blitz-October-24-2023"]
[Site "Chess.com"]
[Date "2023.10.24"]
[Round "1"]
[White "Alex_Sahakyan2006"]
[Black "ATM622"]
[Result "1-0"]
[WhiteElo "2736"]
[BlackElo "2414"]
[TimeControl "180+1"]
[EndTime "14:03:20 PDT"]
[Termination "Alex_Sahakyan2006 won by resignation"]

1. Nf3 Nf6 2. g3 g6 3. Bg2 Bg7 4. O-O O-O 5. d4 d5 6. c4 e6 7. Nc3 b6 8. Ne5 Bb7 9. Qa4 c5 10.
dxc5 bxc5 11. Rd1 Re8 12. Bg5 h6 13. cxd5 exd5 14. Bxf6 Bxf6 15. Nxd5 Bxe5 16. Nf6+ Bxf6 17. Rxd8 Bc6 18. Rxe8+ 1-0

[Event "Late-Titled-Tuesday-Blitz-October-24-2023"]
[Site "Chess.com"]
[Date "2023.10.24"]
[Round "1"]
[White "chessisveryfun1264"]
[Black "Chessbard1972"]
[Result "0-1"]
[WhiteElo "2632"]
[BlackElo "2359"]
[TimeControl "180+1"]
[EndTime "14:03:26 PDT"]
[Termination "Chessbard1972 won by resignation"]

1. e4 c5 2. Nf3 a6 3. c4 e6 4. Nc3 Qc7 5. d4 cxd4 6. Nxd4 Nf6 7. Be3 b6 8. f3 Bb7 9. Qd2 Nc6 10. Be2 Ne5 11.
b3 Ng6 12. O-O h5 13. Rac1 h4 14. h3 Bd6 15. Rfd1 Nh5 16. Bf1 Bh2+ 17. Kf2 Qg3+ 18. Ke2 Ngf4+ 19. Bxf4 Nxf4+ 20. Ke3 Bg1+ 0-1

[Event "Late-Titled-Tuesday-Blitz-October-24-2023"]
[Site "Chess.com"]
[Date "2023.10.24"]
[Round "1"]
[White "vidavi"]
[Black "gahryman"]
[Result "0-1"]
[WhiteElo "2398"]
[BlackElo "2688"]
[TimeControl "180+1"]
[EndTime "14:03:34 PDT"]
[Termination "gahryman won by resignation"]

1. d4 Nf6 2. Nf3 g6 3. c4 Bg7 4. Nc3 O-O 5. e4 d6 6. Be2 e5 7. O-O exd4 8. Nxd4 Re8 9. Bf3 Nbd7 10. Be3 Ne5 11. b3 c5 12. Ndb5 Nxf3+ 13. gxf3 Bh3 14.
Nxd6 Bxf1 15. Nxe8 Nxe8 16. Qxd8 Rxd8 17. Kxf1 Bxc3 0-1

[Event "Late-Titled-Tuesday-Blitz-October-24-2023"]
[Site "Chess.com"]
[Date "2023.10.24"]
[Round "1"]
[White "Igor_Kowalski"]
[Black "Chessdreamer2020"]
[Result "1-0"]
[WhiteElo "2875"]
[BlackElo "2493"]
[TimeControl "180+1"]
[EndTime "14:03:36 PDT"]
[Termination "Igor_Kowalski won by resignation"]

1. d4 d6 2. Nf3 g6 3. e4 Bg7 4.
Nc3 a6 5. Bc4 b5 6. Bd5 c6 7.
Bb3 Nf6 8. Qe2 O-O 9. e5 dxe5 10. dxe5 Nd5 11. Nxd5 cxd5 12. Bg5 f6 13. O-O-O Bb7 14. Bf4 e6 15. exf6 Qxf6 16. Be5 Qf5 17. Bxg7 Kxg7 18.
Nd4 Qf4+ 19. Kb1 Bc8 20. Nxe6+ Bxe6 21. Qxe6 Ra7 22. Rxd5 Qxf2 23. Rhd1 Qxg2 24. Qe5+ Kh6 25. Qe3+ Kg7 26. Qxa7+ 1-0

[Event "Late-Titled-Tuesday-Blitz-October-24-2023"]
[Site "Chess.com"]
[Date "2023.10.24"]
[Round "1"]
[White "falzehope0"]
[Black "KATPAH"]
[Result "0-1"]
[WhiteElo "2316"]
[BlackElo "2630"]
[TimeControl "180+1"]
[EndTime "14:03:40 PDT"]
[Termination "KATPAH won by resignation"]

1. d4 Nf6 2. e3 d5 3. Bd3 c5 4. c3 cxd4 5. exd4 Nc6 6. f4 Bg4 7. Ne2 Ne4 8. Nd2 e5 9. Nxe4 dxe4 10. Bxe4 exd4 11. Bxc6+ bxc6 12. Qxd4 Qh4+ 13. g3 Qh5 14. Qe4+ Kd7 15. Nd4 Re8 16. Qxe8+ Kxe8 17. O-O Bc5 18. Re1+ Kd7 19. Be3 Re8 20. Bf2 Bxd4 21. Bxd4 Qd5 22. Bxa7 Rxe1+ 23. Rxe1 Bh3 24. Re2 Qf3 25. Rd2+ Kc7 0-1

[Event "Late-Titled-Tuesday-Blitz-October-24-2023"]
[Site "Chess.com"]
[Date "2023.10.24"]
[Round "1"]
[White "FM_Kappeler"]
[Black "Makswolf200817"]
[Result "0-1"]
[WhiteElo "2298"]
[BlackElo "2617"]
[TimeControl "180+1"]
[EndTime "14:03:43 PDT"]
[Termination "Makswolf200817 won by checkmate"]

1. d4 d5 2. c4 e6 3. Nf3 Nf6 4. g3 Bb4+ 5. Bd2 Be7 6. Bg2 O-O 7. O-O c6 8. Na3 Nbd7 9. Rc1 a5 10. Bf4 Ne4 11.
Nd2 f5 12. Qb3 g5 13. Nxe4 gxf4 14. Nd2 Bg5 15. gxf4 Bxf4 16. e3 Bd6 17. Kh1 Kh8 18. Rg1 Qh4 19. f4 Nf6 20. Nf3 Qh6 21. Nc2 Ne4 22.
Rcf1 Ng3# 0-1

[Event "Late-Titled-Tuesday-Blitz-October-24-2023"]
[Site "Chess.com"]
[Date "2023.10.24"]
[Round "1"]
[White "GlavkonVVS"]
[Black "Bala-Afiada"]
[Result "1-0"]
[WhiteElo "2529"]
[BlackElo "1836"]
[TimeControl "180+1"]
[EndTime "14:03:47 PDT"]
[Termination "GlavkonVVS won by resignation"]

1. c4 Nf6 2. Nc3 c6 3. Nf3 d5 4. d4 e6 5. Bg5 Be7 6. e3 O-O 7. Qc2 Nbd7 8. a3 dxc4 9. Bxc4 c5 10. Rd1 cxd4 11. Nxd4 Qa5 12. Bh4 a6 13. O-O b5 14.
Nc6 Qc7 15. Nxe7+ Kh8 16. Be2 Re8 17. Nxc8 Raxc8 18. Bf3 a5 19. Qe2 b4 20. axb4 axb4 21.
Nb5 1-0

[Event "Late-Titled-Tuesday-Blitz-October-24-2023"]
[Site "Chess.com"]
[Date "2023.10.24"]
[Round "1"]
[White "NateSolon"]
[Black "Tunahan_Makaraci"]
[Result "0-1"]
[WhiteElo "2667"]
[BlackElo "2410"]
[TimeControl "180+1"]
[EndTime "14:03:52 PDT"]
[Termination "Tunahan_Makaraci won by resignation"]

1. d4 d5 2. Bf4 Nf6 3. e3 e6 4.
Nf3 c5 5. Nbd2 Bd6 6. Ne5 Qc7 7. c3 O-O 8. Bd3 Nbd7 9. Ndf3 b6 10. O-O Ne4 11.
Qc2 Bb7 12. Rad1 Nxe5 13. dxe5 Be7 14. c4 Rad8 15. b3 Qc8 16. Nd2 Nxd2 17. Bxh7+ Kh8 18.
Rxd2 g6 19. Bxg6 fxg6 20. Qxg6 dxc4 21. Qh6+ Kg8 22. Qg6+ Kh8 23. Bh6 Rg8 24. Qh5 Rxg2+ 25. Kh1 Rg5+ 0-1

[Event "Late-Titled-Tuesday-Blitz-October-24-2023"]
[Site "Chess.com"]
[Date "2023.10.24"]
[Round "1"]
[White "DanielNaroditsky"]
[Black "Deeper44"]
[Result "1-0"]
[WhiteElo "3205"]
[BlackElo "2528"]
[TimeControl "180+1"]
[EndTime "14:03:54 PDT"]
[Termination "DanielNaroditsky won by resignation"]

1. e4 e6 2. d4 d5 3. Nd2 Be7 4. Ngf3 Nf6 5. e5 Nfd7 6. Bd3 c5 7. c3 Nc6 8. O-O cxd4 9. cxd4 g5 10. Nb3 a5 11. a4 g4 12. Ne1 h5 13. f4 Qb6 14.
Be3 f5 15. exf6 Bxf6 16. Kh1 g3 17. hxg3 h4 18. g4 h3 19. g5 hxg2+ 20. Kxg2 Bg7 21.
Nf3 Qb4 22. Bb5 Ne7 23. Rc1 Nf5 24. Bf2 Nd6 25. Be1 1-0

[Event "Late-Titled-Tuesday-Blitz-October-24-2023"]
[Site "Chess.com"]
[Date "2023.10.24"]
[Round "1"]
[White "AleksanderHnydiuk"]
[Black "Zhigalko_Sergei"]
[Result "0-1"]
[WhiteElo "2513"]
[BlackElo "2961"]
[TimeControl "180+1"]
[EndTime "14:04:01 PDT"]
[Termination "Zhigalko_Sergei won by resignation"]

1. d4 Nf6 2. Nf3 e6 3. e3 b6 4. Bd3 Bb7 5. O-O d5 6. b3 Bd6 7. c4 O-O 8. Ba3 c5 9. cxd5 exd5 10. Nc3 Nbd7 11. Rc1 Rc8 12. Bb2 Qe7 13. Re1 Rfe8 14. Bf5 Rcd8 15. Bh3 a6 16. g3 Qf8 17. Bg2 c4 18.
Nh4 b5 19. bxc4 bxc4 20. Qa4 Nb6 21. Qa5 Nfd7 22. Nf5 Bb4 0-1

[Event "Late-Titled-Tuesday-Blitz-October-24-2023"]
[Site "Chess.com"]
[Date "2023.10.24"]
[Round "1"]
[White "ellatambien"]
[Black "Hirna2005"]
[Result "1-0"]
[WhiteElo "2638"]
[BlackElo "2330"]
[TimeControl "180+1"]
[EndTime "14:04:11 PDT"]
[Termination "ellatambien won by resignation"]

1. c4 g6 2. d4 Bg7 3. Nc3 d6 4.
e4 Nc6 5. d5 Nd4 6. Be3 c5 7.
Nge2 Qb6 8. Qd2 Nxe2 9. Bxe2 Nf6 10. h3 Bd7 11. O-O O-O 12. f4 Ne8 13. Bf3 e6 14. dxe6 fxe6 15. a3 Bc6 16. b4 Rd8 17. b5 Bd7 18.
Rac1 Bc8 19. Bf2 Qa5 20. a4 Bh6 21. Be3 Qc7 22. Rcd1 Rd7 23. f5 exf5 24. Bxh6 Rff7 25. Nd5 Qd8 26. Bg5 Nf6 27. Nxf6+ 1-0

[Event "Late-Titled-Tuesday-Blitz-October-24-2023"]
[Site "Chess.com"]
[Date "2023.10.24"]
[Round "1"]
[White "eCztery"]
[Black "louis198"]
[Result "1-0"]
[WhiteElo "2386"]
[BlackElo "2655"]
[TimeControl "180+1"]
[EndTime "14:04:12 PDT"]
[Termination "eCztery won by resignation"]

1. e4 e6 2. Nc3 d5 3. d4 Bb4 4. Qd3 dxe4 5. Qxe4 Nf6 6. Qh4 b6 7. Bd3 Bb7 8. Ne2 Nc6 9. O-O h6 10. Bg5 Bxc3 11. bxc3 Qd5 12. Bxf6 Nxd4 13. Nf4 Qxg2+ 14. Nxg2 Nf3+ 15. Kh1 Nxh4 16. Bxh4 g5 17. Bg3 f5 18.
Be5 O-O 19. f4 g4 20. Kg1 c5 21. Bc4 Kf7 22. Rad1 Rfe8 23. Rd7+ Re7 24. Rfd1 Bc6 25. Rxe7+ Kxe7 26. Nh4 a6 27. Rd6 1-0

[Event "Late-Titled-Tuesday-Blitz-October-24-2023"]
[Site "Chess.com"]
[Date "2023.10.24"]
[Round "1"]
[White "aranibos"]
[Black "dodoucb"]
[Result "0-1"]
[WhiteElo "2279"]
[BlackElo "2607"]
[TimeControl "180+1"]
[EndTime "14:04:17 PDT"]
[Termination "dodoucb won by resignation"]

1. d4 Nf6 2. c3 e6 3. Bg5 h6 4.
Bh4 b6 5. Nd2 Bb7 6. f3 d5 7.
Nh3 Be7 8. e3 O-O 9. Bxf6 Bxf6 10.
f4 c5 11. Bd3 a5 12. Qh5 Ba6 13. Bc2 b5 14. O-O-O b4 15. g4 bxc3 16. bxc3 cxd4 17.
exd4 Qc7 18. g5 Qxc3 19. gxf6 Bd3 0-1

[Event "Late-Titled-Tuesday-Blitz-October-24-2023"]
[Site "Chess.com"]
[Date "2023.10.24"]
[Round "1"]
[White "Krakozia"]
[Black "HaryKane"]
[Result "1-0"]
[WhiteElo "2947"]
[BlackElo "2511"]
[TimeControl "180+1"]
[EndTime "14:04:20 PDT"]
[Termination "Krakozia won by resignation"]

1. Nf3 e6 2. c4 f5 3. g3 Nf6 4. Bg2 d5 5. O-O Be7 6. b3 O-O 7. Bb2 b6 8. cxd5 exd5 9. Nc3 Bb7 10. e3 h6 11. Ne2 a5 12. Nf4 Qc8 13. Ng6 Re8 14.
Nxe7+ Rxe7 15. Bxf6 gxf6 16. Nh4 Qe6 17. Qh5 Rh7 18. Bh3 Qf7 19. Qxf7+ Rxf7 20. Nxf5 Kh7 21. Rac1 Na6 22. Nd4 c5 23. Bf5+ Kh8 24. Nb5 Bc8 25.
Bxc8 Rxc8 26. Nd6 Rfc7 27. Nxc8 Rxc8 28. a3 Kg7 29. Rc3 Kf7 30. d4 c4 31. a4 Nb4 32.
bxc4 dxc4 33. Rfc1 1-0

[Event "Late-Titled-Tuesday-Blitz-October-24-2023"]
[Site "Chess.com"]
[Date "2023.10.24"]
[Round "1"]
[White "Thjop"]
[Black "Fradi82"]
[Result "1-0"]
[WhiteElo "2634"]
[BlackElo "2320"]
[TimeControl "180+1"]
[EndTime "14:04:26 PDT"]
[Termination "Thjop won by checkmate"]

1. e4 Nf6 2. Nc3 d5 3. e5 Nfd7 4. d4 c5 5. f4 e6 6. Nf3 cxd4 7. Nxd4 Nc6 8. Be3 Bc5 9. Qd2 O-O 10. O-O-O a6 11.
Qf2 Be7 12. h4 Nxd4 13. Bxd4 b5 14. h5 h6 15. Bd3 Qc7 16. Kb1 Bc5 17. Ne2 Bb7 18.
Qe3 Rac8 19. g4 b4 20. g5 hxg5 21. Rdg1 Bxd4 22. Nxd4 gxf4 23. Rxg7+ Kxg7 24. Rg1+ Kh8 25. Qxf4 Qxe5 26. Qh6# 1-0

[Event "Late-Titled-Tuesday-Blitz-October-24-2023"]
[Site "Chess.com"]
[Date "2023.10.24"]
[Round "1"]
[White "ValeriyGrinev"]
[Black "AleksandrAleksikov"]
[Result "1-0"]
[WhiteElo "2604"]
[BlackElo "2266"]
[TimeControl "180+1"]
[EndTime "14:04:26 PDT"]
[Termination "ValeriyGrinev won by resignation"]

1. d4 Nf6 2. c4 g6 3. Nc3 Bg7 4. e4 d6 5. Be2 O-O 6. Nf3 e5 7. O-O Na6 8. Be3 Ng4 9. Bg5 f6 10. Bc1 Kh8 11. Rb1 c6 12. b4 Nc7 13. b5 c5 14. b6 axb6 15. d5 Ra6 16. a4 Bd7 17.
Nb5 Nxb5 18. cxb5 Ra8 19. Nd2 Nh6 20. Nc4 Qc7 21. Rb3 Nf7 22. Rg3 f5 23. exf5 gxf5 24. f4 e4 25. Rxg7 Kxg7 26. Bb2+ Kh6 27. Qb3 1-0

[Event "Late-Titled-Tuesday-Blitz-October-24-2023"]
[Site "Chess.com"]
[Date "2023.10.24"]
[Round "1"]
[White "BasilSmash"]
[Black "Zampronha1971"]
[Result "1-0"]
[WhiteElo "2648"]
[BlackElo "2330"]
[TimeControl "180+1"]
[EndTime "14:04:35 PDT"]
[Termination "BasilSmash won by resignation"]

1. e4 c5 2. Nf3 e6 3. g3 Nc6 4.
Bg2 d5 5. exd5 exd5 6. d4 Nf6 7. O-O Be7 8. dxc5 Bxc5 9. Re1+ Be7 10. a3 O-O 11.
Nc3 Bf5 12. Be3 Qd7 13. Nd4 Nxd4 14. Bxd4 Rfd8 15. Rc1 a6 16. Qf3 Be6 17. Qd3 Rac8 18. Rcd1 h6 19. Rd2 Qc7 20. h3 Qd7 21. Kh2 Bf5 22. Qe3 Re8 23. Qf4 Be6 24. Rde2 Rc4 25. Qd2 b5 1-0

[Event "Late-Titled-Tuesday-Blitz-October-24-2023"]
[Site "Chess.com"]
[Date "2023.10.24"]
[Round "1"]
[White "shimastream"]
[Black "Payyappat"]
[Result "1-0"]
[WhiteElo "2976"]
[BlackElo "2514"]
[TimeControl "180+1"]
[EndTime "14:04:36 PDT"]
[Termination "shimastream won by resignation"]

1. Nf3 Nf6 2. c4 c5 3. Nc3 Nc6 4. g3 g6 5. Bg2 Bg7 6. d4 cxd4 7. Nxd4 O-O 8. O-O Qa5 9. e3 Rd8 10. Bd2 Nxd4 11. exd4 Qb6 12. c5 Qxb2 13. Rb1 Qa3 14. Qc2 d6 15. Nb5 Qa6 16. Nc7 Qe2 17. Nxa8 Bf5 18. Qd1 Qd3 19. Rxb7 dxc5 20. Ba5 Qxd1 21. Rxd1 Rxa8 22. dxc5 Rc8 23. Rd8+ Rxd8 24. Bxd8 Ng4 25.
h3 Ne5 26. c6 Bf6 27. Bxe7 Kg7 28. Bxf6+ Kxf6 29. c7 Nc4 30. Rxa7 Ke5 31. Ra8 Nb6 32. Rb8 Nc8 33. Bb7 1-0

[Event "Late-Titled-Tuesday-Blitz-October-24-2023"]
[Site "Chess.com"]
[Date "2023.10.24"]
[Round "1"]
[White "balachess2006"]
[Black "Elbebiber"]
[Result "1/2-1/2"]
[WhiteElo "2557"]
[BlackElo "2144"]
[TimeControl "180+1"]
[EndTime "14:04:40 PDT"]
[Termination "Game drawn by repetition"]

1. Nf3 d5 2. d4 c6 3. Bf4 Bf5 4. e3 e6 5. c4 dxc4 6. Bxc4 Nf6 7. O-O Be7 8. Nc3 O-O 9. Bd3 Bxd3 10. Qxd3 Nd5 11.
Nxd5 cxd5 12. Qb3 Qb6 13. Qxb6 axb6 14. Bxb8 Rfxb8 15. Rfc1 Rc8 16. a3 Bd6 17. Kf1 Kf8 18. Ke2 Ke7 19. Kd2 f6 20. Rxc8 Rxc8 21. Rc1 Rc6 22.
b4 b5 23. Rxc6 bxc6 24. Kd3 Kd7 25. e4 Be7 26. Nd2 Bd6 27. g3 g6 28. f4 Be7 29.
Nf3 Bd8 30. Nd2 Be7 31. Nb1 Bd6 32. Nd2 Be7 1/2-1/2

[Event "Late-Titled-Tuesday-Blitz-October-24-2023"]
[Site "Chess.com"]
[Date "2023.10.24"]
[Round "1"]
[White "gunslinger222"]
[Black "johnathan113"]
[Result "0-1"]
[WhiteElo "2343"]
[BlackElo "2650"]
[TimeControl "180+1"]
[EndTime "14:04:41 PDT"]
[Termination "johnathan113 won by resignation"]

1. d4 Nf6 2. Nf3 g6 3. c4 Bg7 4. Nc3 O-O 5. e4 d6 6. Be2 Nbd7 7. O-O e5 8. Be3 c6 9. Re1 exd4 10.
Nxd4 Re8 11. f3 d5 12. cxd5 cxd5 13. Bb5 dxe4 14. fxe4 a6 15. Bc4 Ne5 16. Bb3 Neg4 17. Bg5 Qb6 18. Na4 Qa7 19. h3 Nxe4 20. hxg4 Bxd4+ 21. Kh2 Qb8+ 0-1

[Event "Late-Titled-Tuesday-Blitz-October-24-2023"]
[Site "Chess.com"]
[Date "2023.10.24"]
[Round "1"]
[White "Cipy77"]
[Black "campochess"]
[Result "1-0"]
[WhiteElo "2577"]
[BlackElo "2206"]
[TimeControl "180+1"]
[EndTime "14:04:44 PDT"]
[Termination "Cipy77 won by resignation"]

1. Nf3 c5 2. g3 Nc6 3. Bg2 g6 4. O-O Bg7 5. d3 d6 6. Nc3 Nf6 7. Bd2 O-O 8. a3 Rb8 9. Rb1 b5 10. b4 cxb4 11. axb4 Bd7 12. e4 Ng4 13. h3 Nge5 14. Nxe5 dxe5 15. Ne2 Nd4 16. Nxd4 exd4 17. Ra1 Qb6 18. f4 e6 19. g4 Rbc8 20. f5 exf5 21. gxf5 Rc7 22. Bf4 Qc6 23. Bxc7 Qxc7 24. Qd2 Rc8 25. Rf2 Be5 26. Raf1 f6 27. fxg6 hxg6 28.
Qh6 Be8 29. Rxf6 Qg7 30. Qxg7+ Kxg7 31. Ra6 Rxc2 32. Rxa7+ Kh6 33. Re7 Bg3 34. Rxe8 Rb2 35. e5 Rxb4 36. e6 Rb2 37. e7 Bd6 38. Rh8+ 1-0

[Event "Late-Titled-Tuesday-Blitz-October-24-2023"]
[Site "Chess.com"]
[Date "2023.10.24"]
[Round "1"]
[White "PositionalPanther"]
[Black "randy296"]
[Result "1-0"]
[WhiteElo "2558"]
[BlackElo "2087"]
[TimeControl "180+1"]
[EndTime "14:04:52 PDT"]
[Termination "PositionalPanther won by resignation"]

1. Nf3 c5 2. g3 Nc6 3. Bg2 g6 4. c4 Bg7 5. Nc3 Nf6 6. O-O O-O 7. d4 d6 8. dxc5 dxc5 9. Be3 Be6 10. Bxc5 Bxc4 11.
Qa4 Ba6 12. Rfd1 Qc7 13. Rac1 Rfd8 14. Rxd8+ Rxd8 15. b4 Bc4 16. Nb5 Bxb5 17. Qxb5 a6 18. Qc4 Qd7 19. Bb6 Rc8 20. Ne5 Qd6 21. Nxf7 Ne5 22.
Nh6+ Kh8 23. Qxc8+ 1-0

[Event "Late-Titled-Tuesday-Blitz-October-24-2023"]
[Site "Chess.com"]
[Date "2023.10.24"]
[Round "1"]
[White "Meri-Arabidze"]
[Black "emiliochess"]
[Result "1-0"]
[WhiteElo "2629"]
[BlackElo "2314"]
[TimeControl "180+1"]
[EndTime "14:04:55 PDT"]
[Termination "Meri-Arabidze won by resignation"]

1. Nf3 d5 2. b3 c5 3. Bb2 Nc6 4. e3 Bg4 5. Bb5 Rc8 6. h3 Bh5 7. O-O f6 8. d4 e6 9. Nbd2 Bd6 10. a3 Ne7 11. Bd3 O-O 12. Qb1 e5 13. dxc5 Bxc5 14. e4 d4 15. Bc4+ Kh8 16. Ne1 Ng6 17. Nd3 Bb6 18. Kh1 Be2 19. Re1 Bxd3 20. Bxd3 Nf4 21. Nc4 Bc7 22. a4 Qe8 23. Ba3 Rg8 24. Qd1 Qg6 25. Qg4 Qxg4 26. hxg4 Ne6 27. g3 g5 28. Kg2 Kg7 29. Rh1 h6 30. Bd6 Bd8 31. a5 Kg6 32. a6 b6 33. Na3 Be7 34. Bxe7 Nxe7 35. Nb5 Ra8 36. Bc4 1-0

[Event "Late-Titled-Tuesday-Blitz-October-24-2023"]
[Site "Chess.com"]
[Date "2023.10.24"]
[Round "1"]
[White "Gameking51"]
[Black "MAGMAchess02"]
[Result "0-1"]
[WhiteElo "2592"]
[BlackElo "2315"]
[TimeControl "180+1"]
[EndTime "14:05:02 PDT"]
[Termination "MAGMAchess02 won by resignation"]

1. e4 g6 2. h4 h5 3. d4 Bg7 4. Nc3 c6 5. Be3 d5 6. Qd2 dxe4 7. Nxe4 Nf6 8. Nxf6+ Bxf6 9. Nf3 Bf5 10. O-O-O e6 11.
Kb1 Nd7 12. Bg5 Bxg5 13. Nxg5 Nf6 14. f3 Qd6 15. Be2 Rd8 16. Qa5 a6 17. Qe5 Qe7 18. g4 hxg4 19. fxg4 Rd5 20. Qb8+ Rd8 21. Qe5 Rd5 22.
Qf4 0-1

[Event "Late-Titled-Tuesday-Blitz-October-24-2023"]
[Site "Chess.com"]
[Date "2023.10.24"]
[Round "1"]
[White "HansOnTwitch"]
[Black "Ruchess27"]
[Result "1-0"]
[WhiteElo "3032"]
[BlackElo "2514"]
[TimeControl "180+1"]
[EndTime "14:05:03 PDT"]
[Termination "HansOnTwitch won by resignation"]

1. e4 e5 2. Nf3 Nc6 3. Bb5 a6 4.
Ba4 Nf6 5. O-O Be7 6. Re1 b5 7. Bb3 O-O 8. a4 Bb7 9. d3 d6 10. Nc3 b4 11. Ne2 Re8 12. Ng3 h6 13. Nf5 Bf8 14.
N3h4 Nd4 15. Nxd4 exd4 16. Nf5 c5 17. Qf3 Bc8 18. Bd2 Bxf5 19. Qxf5 Qd7 20. Qxd7 Nxd7 21. a5 g5 22. f4 g4 23. g3 h5 24. Kg2 Bh6 25.
Rh1 Kg7 26. h3 Nf6 27. hxg4 hxg4 28. Rh4 d5 29. e5 1-0

[Event "Late-Titled-Tuesday-Blitz-October-24-2023"]
[Site "Chess.com"]
[Date "2023.10.24"]
[Round "1"]
[White "financieru"]
[Black "Maitreia"]
[Result "1-0"]
[WhiteElo "2366"]
[BlackElo "2638"]
[TimeControl "180+1"]
[EndTime "14:05:06 PDT"]
[Termination "financieru won by resignation"]

1. d4 Nf6 2. c4 e5 3. dxe5 Ng4 4.
Nf3 Bc5 5. e3 Nc6 6. Be2 O-O 7.
O-O Re8 8. Kh1 Ncxe5 9. Nxe5 Nxe5 10. Nc3 a5 11. f4 Ng6 12. e4 Ra6 13. Qe1 Rd6 14. e5 Rd4 15. Be3 d6 16. Bxd4 Bxd4 17. Rd1 dxe5 18. fxe5 Rxe5 19. Qd2 c5 20. Bf3 Qh4 21. Nb5 Re8 22. Nxd4 Rd8 23. Nf5 Rxd2 24. Nxh4 1-0

[Event "Late-Titled-Tuesday-Blitz-October-24-2023"]
[Site "Chess.com"]
[Date "2023.10.24"]
[Round "1"]
[White "YellowJacek"]
[Black "GP9isback23"]
[Result "0-1"]
[WhiteElo "2296"]
[BlackElo "2615"]
[TimeControl "180+1"]
[EndTime "14:05:17 PDT"]
[Termination "GP9isback23 won by resignation"]

1. c4 e6 2. g3 d5 3. Bg2 Nf6 4. Nf3 Be7 5. b3 O-O 6. Bb2 a5 7. O-O a4 8. d3 c6 9. Nbd2 b5 10. cxb5 cxb5 11. bxa4 Rxa4 12. Qc2 Bd7 13. Rfc1 Qa5 14.
Nb3 Qa8 15. Be5 Na6 16. Qd2 Rd8 17. Nfd4 Nb4 18. Nc5 Bxc5 19. Rxc5 Na6 20. Rc2 Ne8 21. Rb2 f6 0-1

[Event "Late-Titled-Tuesday-Blitz-October-24-2023"]
[Site "Chess.com"]
[Date "2023.10.24"]
[Round "1"]
[White "BardArtem"]
[Black "SmirnovTimofey2000"]
[Result "1-0"]
[WhiteElo "2705"]
[BlackElo "2383"]
[TimeControl "180+1"]
[EndTime "14:05:18 PDT"]
[Termination "BardArtem won on time"]

1. e4 e5 2. Nf3 Nf6 3. Nc3 Bb4 4. Nxe5 O-O 5. Nd3 Bxc3 6. dxc3 Nxe4 7. Be2 d6 8. O-O Nc6 9. Be3 Nf6 10. Bf3 Ne5 11.
Nxe5 dxe5 12. Qxd8 Rxd8 13. Rad1 Be6 14. Bxb7 Rab8 15.
Bxa7 Rxd1 16. Rxd1 Re8 17. a4 g6 18. a5 Re7 19. Bc5 Rd7 20. Rxd7 Nxd7 21. a6 1-0